 Seeded DCSS version 0.30.1-4-g462c640d31 (webtiles) character file.

Game seed: 15660985446129201502 (custom seed)

4467 AccursedSamuel the Cruncher (level 10, -6/61 HPs)
             Began as a Tengu Monk on Sept 12, 2023.
             Was an Initiate of Yredelemnul.
             Mangled by a rust devil (10 damage)
             ... summoned by a kobold demonologist
             ... on level 11 of the Dungeon.
             The game lasted 00:25:12 (6795 turns).

AccursedSamuel the Cruncher (Tengu Monk)            Turns: 6795, Time: 00:25:12

Health: -6/61      AC:  0    Str: 12    XL:     10   Next: 37%
Magic:  11/11      EV: 11    Int: 14    God:    Yredelemnul [......]
Gold:   422        SH:  0    Dex: 20    Spells: 9/9 levels left

rFire   . . .        q - +4 quarterstaff (chaos)
rCold   + + .        (shield currently unavailable)
rNeg    . . .        j - +3 chain mail {rC+}
rPois   .            (helmet restricted)
rElec   .            r - +2 cloak
rCorr   .            (no gloves)
SInv    .            (boots unavailable)
Will    .....        e - amulet "Peniorch" {+Inv rC+ Regen+ Int+3} Stlth
                     n - +4 ring of protection
HPRegen 1.10/turn    (no ring)
MPRegen 0.12/turn

%: no passive effects
@: corroded, flying quickly and evasively, quick
A: beak, talons 3, nimble flight
a: Renounce Religion, Evoke Invisibility, Recall Undead Harvest


You were on level 11 of the Dungeon.
You worshipped Yredelemnul.
Yredelemnul was noncommittal.
You visited 2 branches of the dungeon, and saw 10 of its levels.

You collected 422 gold pieces.

Inventory:

Hand Weapons
 q - a +4 quarterstaff of chaos (weapon)
Armour
 b - +0 steam dragon scales
 d - an orb of light
 j - a +3 chain mail of cold resistance (worn)
 l - a scarf of invisibility
 r - a +2 cloak (worn)
Jewellery
 e - the amulet "Peniorch" (around neck) {+Inv rC+ Regen+ Int+3}
   (You acquired it on level 1 of the Dungeon)

   [amulet of regeneration]

   Int:       It affects your intelligence (+3).
   rC:        It protects you from cold.
   +Inv:      It lets you turn invisible.
   Regen:     It increases your rate of health regeneration.
 k - a ring of protection from cold
 n - a +4 ring of protection (left hand)
Wands
 h - a wand of iceblast (6)
Scrolls
 f - a scroll of blinking
 g - 4 scrolls of identify
 o - 8 scrolls of teleportation
 p - a scroll of brand weapon {unknown}
Potions
 a - 3 potions of haste
 c - a potion of ambrosia
 i - a potion of lignification
 m - a potion of magic
 t - 3 potions of heal wounds


   Skills:
 + Level 6.9 Fighting
 + Level 5.9(8.7) Polearms
 + Level 9.9(10.6) Staves
 + Level 6.6 Armour
 + Level 7.3 Dodging
 + Level 2.0 Stealth


You had 9 spell levels left.
You didn't know any spells.
Your spell library contained the following spells:

 Spells                   Type           Power      Damage    Failure   Level
 Cigotuvi's Dreadful Rot  Necr/Pois/Air  0%         N/A       100%        2
 Lesser Beckoning         Tloc           0%         N/A       100%        2
 Gell's Gravitas          Tloc           0%         N/A       100%        3
 Ignite Poison            Fire/Tmut/Pois 0%         N/A       100%        3
 Teleport Other           Tloc           0%         N/A       100%        3
 Dispel Undead            Necr           0%         3d6       100%        4
 Sticky Flame             Conj/Fire      0%         2d3       100%        4
 Ignition                 Fire           0%         3d3       100%        8
 Death Channel            Necr           Unusable   N/A       N/A         6

Dungeon Overview and Level Annotations

Branches:
Dungeon (11/15)            Temple (1/1) D:7
   Lair: D:8-11         Orc: D:9-12

Altars:
Ashenzari
Cheibriados
Dithmenos
Elyvilon
Gozag
Hepliaklqana
Makhleb
Nemelex Xobeh
Okawaru
Qazlal
Ru
Sif Muna
Trog
Uskayaw
Vehumet
Wu Jian
Xom
Yredelemnul
Zin

Annotations:
D:6 3 runed translucent doors, AccursedSamuel's ghost, novice TeMo


Innate Abilities, Weirdness & Mutations

You have a beak for a mouth.
You have claws for feet.
Your magical nature lets you fly swiftly and evasively.


Message History

The rust devil seems to grow stronger.
Your kick misses the rust devil.
The rust devil is lightly wounded.
The iron imp disappears in a puff of smoke!
Your centaur zombie hits the kobold demonologist.
Your centaur zombie kicks the kobold demonologist but does no damage.
The rust devil barely misses you.
The kobold demonologist looks satisfied for a moment.
You hit the rust devil but do no damage.
You claw the rust devil, but do no damage.
The rust devil is lightly wounded.
The kobold demonologist is no longer moving slowly.
Your centaur zombie hits the kobold demonologist but does no damage.
Your centaur zombie misses the kobold demonologist.
You sock the rust devil! Your kick misses the rust devil.
The rust devil is heavily wounded.
The rust devil hits you!
* * * LOW HITPOINT WARNING * * *
The rust devil corrodes you!
Your centaur zombie closely misses the kobold demonologist.
Your centaur zombie kicks the kobold demonologist but does no damage.
The kobold demonologist hits you with a +0 dagger.
* * * LOW HITPOINT WARNING * * *
You hit the rust devil but do no damage.
The rust devil looks as sick as possible!
You claw the rust devil, but do no damage.
You peck the rust devil, but do no damage.
The rust devil is heavily wounded.
Your centaur zombie hits the kobold demonologist but does no damage.
Your centaur zombie kicks the kobold demonologist but does no damage.
The rust devil hits you!
* * * LOW HITPOINT WARNING * * *
The rust devil corrodes you!
The kobold demonologist gestures wildly while chanting.
You hit the rust devil.
The rust devil is heavily wounded.
Your centaur zombie misses the kobold demonologist.
Your centaur zombie closely misses the kobold demonologist.
The rust devil hits you!
You die...
Your body rises from the dead as a mindless zombie.

#.....# #.......... #####+####
#.....# #.......... .........#
#.....# ########### .........#
#.....############# .........#
#####.....>....##..
..[......################.##.#
....$.)..5K[K.................
.........######K...######.##.#
.....54..##ZK@#............#..
.........####4#.....#####..#..
.?.......# #K5...............
.........# #######.#.########
........$# #...............
.........# #.###.#.########
#.#...#.### #.#.#.....#
#.#.#.#.#.######


You could see a rust devil (summoned, strong, agile, extremely poisoned, ally
target), a kobold demonologist, a kobold brigand, a white imp (summoned) and a
friendly centaur zombie.

Vanquished Creatures
  An ugly thing (D:11)
  A troll (D:11)
  Sigmund (D:4)
  3 yaks (D:6)
  A vampire (D:11)
  2 steam dragons
  Menkaure (D:6)
  Edmund (D:5)
  An orc warrior (D:7)
  2 sky beasts
  9 centaurs
  2 ogres
  A gnoll sergeant (D:7)
  3 scorpions
  4 wights (D:6)
  A howler monkey (D:6)
  5 hounds
  3 quasits (D:5)
  2 centaur zombies (D:11)
  Crazy Yiuf (D:2)
  3 orc priests
  5 iguanas
  Jessica (D:2)
  2 sleepcaps
  Ijyb (D:4)
  2 orc wizards (D:6)
  4 adders
  7 gnolls
  4 shadow imps
  2 white imps (D:5)
  7 ufetubi
  A worm (D:4)
  4 dart slugs
  16 orcs
  8 endoplasms
  2 giant cockroaches (D:2)
  7 goblins
  7 hobgoblins
  4 kobolds
  5 quokkas
  5 ball pythons
  2 bats
  4 frilled lizards (D:2)
  7 rats
  A spectral kobold (D:2)
156 creatures vanquished.

Vanquished Creatures (collateral kills)
  An orc wizard (D:7)
  A gnoll (D:7)
2 creatures vanquished.

Vanquished Creatures (others)
  2 sky beasts (D:8)
  A wight (D:8)
  2 centaur zombies (D:11)
  A hound zombie (D:7)
  A bat (D:8)
  A bat zombie (D:8)
  A kobold (D:11)
  A hobgoblin zombie (D:4)
  A kobold zombie (D:11)
11 creatures vanquished.

Grand Total: 169 creatures vanquished

Notes
Turn   | Place    | Note
-------+----------+-------------------------------------------
     0 | D:1      | AccursedSamuel the Tengu Monk began the quest for the Orb.
     0 | D:1      | Reached XP level 1. HP: 14/14 MP: 2/2
   113 | D:1      | Reached XP level 2. HP: 10/19 MP: 3/3
   136 | D:1      | Identified a scroll of acquirement
   136 | D:1      | Acquired the amulet "Peniorch" {+Inv rC+ Regen+ Int+3}
   272 | D:2      | Reached XP level 3. HP: 23/23 MP: 4/4
   273 | D:2      | Found a faded altar of an unknown god.
   334 | D:2      | Found a runed translucent door.
   335 | D:2      | Noticed Crazy Yiuf
   509 | D:2      | Noticed Jessica
   520 | D:2      | Killed Jessica
   521 | D:2      | Reached XP level 4. HP: 26/28 MP: 5/5
   852 | D:2      | Killed Crazy Yiuf
  1155 | D:3      | Reached skill level 5 in Polearms
  1155 | D:3      | Gained mutation: Your magical nature lets you fly swiftly
                  | and evasively. [Tengu growth]
  1155 | D:3      | Reached XP level 5. HP: 13/33 MP: 6/6
  1161 | D:3      | HP: 1/33 [orc priest/nerve-wracking pain (5)]
  1405 | D:3      | Found an ornate altar of the Wu Jian Council.
  1856 | D:4      | Reached XP level 6. HP: 38/38 MP: 7/7
  1976 | D:4      | Reached skill level 5 in Dodging
  2071 | D:4      | Reached skill level 1 in Staves
  2539 | D:4      | Noticed Ijyb
  2549 | D:4      | Killed Ijyb
  2561 | D:4      | Noticed Sigmund
  2583 | D:4      | Killed Sigmund
  2584 | D:4      | Reached skill level 2 in Staves
  2584 | D:4      | Reached XP level 7. HP: 38/44 MP: 8/8
  2999 | D:5      | Entered Level 5 of the Dungeon
  3015 | D:5      | Reached skill level 3 in Staves
  3175 | D:5      | Reached skill level 4 in Staves
  3175 | D:5      | Reached skill level 1 in Stealth
  3262 | D:5      | Noticed Edmund
  3284 | D:5      | Killed Edmund
  3285 | D:5      | Reached XP level 8. HP: 40/48 MP: 9/9
  3460 | D:5      | Reached skill level 5 in Fighting
  3460 | D:5      | Reached skill level 5 in Staves
  3560 | D:5      | Found a sacrificial altar of Ru.
  3787 | D:5      | Found a white marble altar of Elyvilon.
  4150 | D:6      | Noticed Menkaure
  4218 | D:6      | Reached skill level 1 in Armour
  4219 | D:6      | Killed Menkaure
  4220 | D:6      | Reached skill level 6 in Staves
  4433 | D:6      | Reached skill level 7 in Staves
  4433 | D:6      | Reached XP level 9. HP: 51/54 MP: 10/10
  4476 | D:6      | Found a runed translucent gate.
  4476 | D:6      | Found a runed translucent gate.
  4476 | D:6      | Found a runed translucent gate.
  4477 | D:6      | Noticed AccursedSamuel's ghost (novice TeMo)
  4639 | D:6      | Reached skill level 8 in Staves
  4887 | D:6      | Found a hide-covered altar of Uskayaw.
  5610 | D:7      | Found a staircase to the Ecumenical Temple.
  5625 | Temple   | Entered the Ecumenical Temple
  5811 | Temple   | Became a worshipper of Yredelemnul the Dark
  5811 | Temple   | Reached * piety under Yredelemnul
  5811 | Temple   | Reached ** piety under Yredelemnul
  6349 | D:8      | Reached skill level 9 in Staves
  6349 | D:8      | Reached skill level 5 in Armour
  6439 | D:8      | You are sucked into a shaft and drop 3 floors!
  6491 | D:11     | Reached XP level 10. HP: 57/61 MP: 11/11
  6750 | D:11     | Noticed a red ugly thing
  6751 | D:11     | Noticed a kobold demonologist
  6753 | D:11     | Noticed a rust devil
  6771 | D:11     | Killed a red ugly thing
  6782 | D:11     | Noticed a rust devil
  6794 | D:11     | HP: 3/61 [rust devil[a kobold demonologist] (11)]
  6795 | D:11     | Mangled by a rust devil

Illustrated notes

Levels and vault maps discovered:
D:1:      minmay_arrival_pointy, layout_loops_ring, minmay_gold_behind_fungi
D:2:      layout_basic, dreamdust_ecumenical_altar_drowned_temple,
          hangedman_decor_clover_reticule, fountainhead,
          uniq_crazy_yiuf_cottage, uniq_jessica
D:3:      layout_loops_ring, general_overflow_altar, serial_bayou_pond_d
D:4:      layout_basic, nicolae_eternal_life, uniq_ijyb, uniq_sigmund
D:5:      layout_layer_cave, mainiacjoe_overflow_small_starburst,
          elyvilon_altar_1, serial_demonic, serial_demonic_e, serial_demonic_b,
          serial_demonic_e, serial_demonic_a, serial_demonic_e,
          serial_demonic_e, serial_demonic_g, serial_demonic_a,
          serial_demonic_d, serial_demonic_g, uniq_edmund
D:6:      layout_basic, nicolae_uskayaw_suspiria, ebering_ghost_rock_garden,
          minivault_22, uniq_menkaure
D:7:      layout_cave_pools, minmay_temple_entry_junction_2, hex_tiny,
          nicolae_kite_square_tiling_tiny
D:8:      gammafunk_corrupted_shrine, layout_loops_cross, lemuel_crystal_altar,
          minmay_lair_entry_grove, hangedman_misty_isle
D:11:     layout_basic, dk_noncrumbling_4
Temple:   nicolae_temple_superstar

Skill      XL: |  1  2  3  4  5  6  7  8  9 10 |
---------------+-------------------------------+-----
Polearms       | 4 5 |  5.9
Dodging        | 4 5 6 7 |  7.3
Fighting       | 4 5 6 |  6.9
Staves         | 2 4 7 9 |  9.9
Stealth        | 1 2 |  2.0
Armour         | 3 5 6 |  6.6

Action                     |  1- 3 |  4- 6 |  7- 9 | 10-12 || total
---------------------------+-------+-------+-------+-------++-------
  Melee: Spear             |    54 |    65 |       |       ||   119
         Peck              |    13 |    34 |    49 |    13 ||   109
         Kick              |    14 |    28 |    76 |    17 ||   135
         Quarterstaff      |       |    70 |   247 |    50 ||   367
 Invoke: Recall Undead Har |       |       |     1 |       ||     1
    Use: Scroll            |     1 |     5 |     5 |       ||    11
         Potion            |       |     5 |     4 |     1 ||    10
   Stab: Sleeping          |       |     1 |     1 |       ||     2
         Distracted        |       |       |     1 |       ||     1
 Armour: Robe              |     6 |    31 |    24 |       ||    61
         Chain mail        |       |       |   186 |    58 ||   244
  Dodge: Dodged            |    64 |   111 |   210 |    65 ||   450
